 Dungeon Crawl Stone Soup version 0.17-a0-2231-gd80ca38 (webtiles) character file.

46328 Ishouldbestudying the Severer (level 14, -9/108 HPs)
             Began as a Formicid Fighter on Oct 19, 2015.
             Was the Champion of Cheibriados.
             Mangled by a death yak (12 damage)
             ... on level 7 of the Lair of Beasts on Oct 29, 2015.
             The game lasted 01:51:58 (16036 turns).

Ishouldbestudying the Severer (Formicid Fighter)   Turns: 16036, Time: 01:51:58

Health: -9/108     AC: 17    Str: 41    XL:     14   Next: 75%
Magic:  20/20      EV: 15    Int: 23    God:    Cheibriados [******]
Gold:   1593       SH: 25    Dex: 25    Spells: 0 memorised, 13 levels left

rFire  x . .     SeeInvis +     j - +4 executioner's axe (venom)
rCold  + . .     Clarity  .     H - +0 plate armour (curse)
rNeg   . . .     SustAt   .     O - +1 large shield
rPois  +         Gourm    +     (helmet unavailable)
rElec  .         Spirit   .     r - +0 cloak
rCorr  .         Warding  .     x - +0 pair of gloves
rMut   .         Stasis   +     (no boots)
MR     +....                    G - amulet of the gourmand
Stlth  ..........               N - ring of ice
                                a - ring of poison resistance

@: very slow, somewhat resistant to hostile enchantments, extremely unstealthy
A: permanent stasis, dig shafts and tunnels, four strong arms, antennae 3
a: Dig, Shaft Self, Bend Time, Temporal Distortion, Slouch, Step From Time,
Renounce Religion


You were on level 7 of the Lair of Beasts.
You worshipped Cheibriados.
Cheibriados was exalted by your worship.
You were very full.

You visited 4 branches of the dungeon, and saw 21 of its levels.
You also visited: Bailey.

You collected 1593 gold pieces.

Inventory:

Hand Weapons
 d - a +0 battleaxe
 j - a +4 executioner's axe of venom (weapon)
Missiles
 k - 5 tomahawks (quivered)
 I - 4 throwing nets
 K - 22 tomahawks of returning
 Y - 6 javelins of returning
Armour
 r - a +0 cloak (worn)
 x - a +0 pair of gloves (worn)
 H - a cursed +0 plate armour (worn)
 O - a +1 large shield (worn)
 R - the +4 chain mail "Qimib" {rPois Str+4 Slay+2}
   (You found it on level 3 of the Lair of Beasts)

   It affects your strength (+4).
   It affects your accuracy and damage with ranged weapons and melee attacks
   (+2).
   It protects you from poison.
Jewellery
 a - a ring of poison resistance (left hand)
 l - a +3 ring of protection
 y - an uncursed ring of poison resistance
 A - an uncursed amulet of resist mutation
 G - an amulet of the gourmand (around neck)
 N - a ring of ice (right hand)
 S - an uncursed amulet of faith
Wands
 D - a wand of fire (8)
 F - a wand of polymorph (12)
 M - a wand of lightning (13)
 X - a wand of confusion (30)
Scrolls
 f - 2 scrolls of identify
 g - 3 scrolls of fog
 m - 2 scrolls of amnesia
 p - a scroll of remove curse
 q - 3 scrolls of noise
 s - 2 scrolls of magic mapping
 u - 2 scrolls of fear
 T - a scroll of enchant armour
 W - 3 scrolls of recharging
Potions
 b - a potion of invisibility
 o - 3 potions of might
 v - 2 potions of brilliance
 w - 3 potions of flight
 B - 2 potions of magic
 C - 2 potions of agility
 P - 2 potions of curing
 Q - a potion of cancellation
 V - a potion of resistance
 Z - a potion of heal wounds
Books
 c - a Fen Folio

   Spells                             Type                      Level
   a - Corpse Rot                     Necromancy                   2
   b - Stone Arrow                    Conjuration/Earth            3
   c - Leda's Liquefaction            Hexes/Earth                  4
   d - Summon Forest                  Summoning/Translocation      5
   e - Hydra Form                     Transmutation                6
   f - Summon Hydra                   Summoning                    7
 i - a book of Dreams

   Spells                             Type                      Level
   a - Ensorcelled Hibernation        Hexes/Ice                    2
   b - Phase Shift                    Translocation                5
   c - Shadow Creatures               Summoning                    5
   d - Silence                        Hexes/Air                    5
   e - Darkness                       Hexes                        6
   f - Mass Confusion                 Hexes                        6
 n - a book of the Sky

   Spells                             Type                      Level
   a - Summon Lightning Spire         Summoning/Air                4
   b - Airstrike                      Air                          4
   c - Silence                        Hexes/Air                    5
   d - Deflect Missiles               Charms/Air                   6
   e - Conjure Ball Lightning         Conjuration/Air              6
   f - Tornado                        Air                          9
 t - a book of Flames

   Spells                             Type                      Level
   a - Flame Tongue                   Conjuration/Fire             1
   b - Throw Flame                    Conjuration/Fire             2
   c - Conjure Flame                  Conjuration/Fire             3
   d - Inner Flame                    Hexes/Fire                   3
   e - Sticky Flame                   Conjuration/Fire             4
   f - Fireball                       Conjuration/Fire             5
 L - a book of the Tempests

   Spells                             Type                      Level
   a - Static Discharge               Conjuration/Air              3
   b - Lightning Bolt                 Conjuration/Air              5
   c - Fireball                       Conjuration/Fire             5
   d - Tornado                        Air                          9
   e - Shatter                        Earth                        9
Miscellaneous
 E - a lantern of shadows
Comestibles
 e - 9 bread rations
 h - 9 fruits
 z - 5 meat rations
 J - 3 beef jerkies
 U - a royal jelly


   Skills:
 + Level 9.4 Fighting
 * Level 15.1 Axes
 + Level 9.2 Armour
 + Level 7.5 Dodging
 + Level 13.4 Shields
 + Level 9.0 Invocations


You had 13 spell levels left.
You didn't know any spells.

Dungeon Overview and Level Annotations

Branches:
Dungeon (10/15)            Temple (1/1) D:5            Lair (7/8) D:9
  Swamp (0/4) Lair:5        Snake (0/4) Lair:6          Orc (3/4) D:9
  Slime: Lair:6-8       Elf: Orc:3-4

Altars:
Ashenzari
Cheibriados
Dithmenos
Elyvilon
Fedhas
Gozag
Kikubaaqudgha
Makhleb
Nemelex Xobeh
Okawaru
Qazlal
Ru
Sif Muna
Trog
Vehumet
Xom
Yredelemnul
Zin
The Shining One

Shops:
D:4 =   Orc:1 ?}

Annotations:
Lair:1 Uberwunderbarhen's ghost, journeyman OpFi


Innate Abilities, Weirdness & Mutations

You are under a permanent stasis effect.
You can dig through walls and to a lower floor.
Your four strong arms can wield two-handed weapons with a shield.
You have a pair of large antennae on your head (SInv).


Message History

You kill the yak!
Cheibriados thoroughly appreciates the change of pace.
You slash the death yak!
The death yak is severely wounded.
You slice the giant frog!!
You kill the giant frog!
Cheibriados appreciates the change of pace.
You hit the death yak.
The death yak is severely wounded.
You barely miss the death yak. You block the yak's attack.
You block the death yak's attack. x2
The death yak closely misses you. The death yak gores you!!
* * * LOW HITPOINT WARNING * * *
The yak barely misses you.
You fail to use your ability.
The death yak gores you but does no damage.
The death yak gores you!
* * * LOW HITPOINT WARNING * * *
The death yak gores you!
You die...

PPP##....# .
..P.......##. #.
........#..+...
P.......#.....
##.....PPP.... ..#
#.............
...####...†Y†#......
.P....P.#.Y@Y..#..
............YY#......
....................[.
............./.......%
.........................
...................#.###.
............†††....###
.............%†...##
.......#...........#


You could see 4 death yaks and a yak.

Vanquished Creatures
  Harold (Lair:3)
  5 hydras
  A queen ant (Lair:3)
  15 death yaks
  3 griffons
  8 spiny frogs
  Psyche (D:9)
  14 elephants
  6 black mambas
  3 komodo dragons
  2 trolls
  2 polar bears
  13 blink frogs
  A wyvern (D:9)
  A spriggan (Lair:4)
  23 yaks
  A basilisk (Lair:4)
  6 hippogriffs
  4 wargs (D:9)
  3 wolves (Lair:4)
  6 swamp worms (Lair:5)
  12 water moccasins
  15 soldier ants (Lair:3)
  14 porcupines
  5 orc warriors
  4 sky beasts
  7 ogres
  3 black bears
  2 phantoms
  A centaur (D:7)
  3 big kobolds
  8 crocodiles
  7 giant frogs
  A wyvern zombie (D:7)
  3 scorpions
  7 killer bees (D:7)
  An electric eel (Lair:5)
  A crimson imp (D:5)
  3 hounds
  11 orc priests
  A centaur zombie (D:8)
  3 centaur skeletons
  3 jellies
  Jessica (D:2)
  40 worker ants
  Terence (D:3)
  8 iguanas
  12 orc wizards
  A gnoll shaman (D:4)
  A killer bee zombie (D:8)
  8 sheep (Lair:4)
  3 hound skeletons
  20 gnolls
  2 worker ant zombies
  12 adders
  88 river rats
  A shadow imp (D:8)
  2 oozes (D:1)
  An adder zombie (D:8)
  2 adder skeletons
  A worm (D:2)
  87 orcs
  4 ball pythons
  2 bats (D:1)
  11 giant cockroaches
  9 goblins
  4 hobgoblins
  7 quokkas
  13 giant geckos
  5 giant newts
  10 jackals
  A jackal skeleton (D:8)
  30 kobolds
  2 rats
  3 fungi
  A plant (Lair:1)
627 creatures vanquished.

Vanquished Creatures (others)
  10 fungi
  3 plants
13 creatures vanquished.

Grand Total: 640 creatures vanquished

Notes
Turn   | Place    | Note
--------------------------------------------------------------
     0 | D:1      | Ishouldbestudying the Formicid Fighter began the quest for the Orb.
     0 | D:1      | Reached XP level 1. HP: 18/18 MP: 1/1
   266 | D:1      | Reached XP level 2. HP: 24/24 MP: 2/2
   518 | D:1      | Reached XP level 3. HP: 27/30 MP: 3/3
   987 | D:2      | Reached skill level 4 in Fighting
  1004 | D:2      | Reached XP level 4. HP: 28/37 MP: 4/4
  1232 | D:2      | Found a glowing golden altar of the Shining One.
  1792 | D:2      | Noticed Jessica
  1805 | D:2      | Killed Jessica
  1805 | D:2      | Reached XP level 5. HP: 35/42 MP: 5/5
  2013 | D:3      | Noticed Terence
  2217 | D:3      | Killed Terence
  2333 | D:3      | Found a shattered altar of Ashenzari.
  2531 | D:3      | Noticed a sky beast
  2541 | D:3      | Killed a sky beast
  2541 | D:3      | Reached skill level 5 in Shields
  2541 | D:3      | Reached XP level 6. HP: 34/48 MP: 6/6
  2767 | D:4      | Found Cawun's Jewellery Boutique.
  3535 | D:4      | Reached skill level 5 in Axes
  3535 | D:4      | Reached XP level 7. HP: 42/54 MP: 7/7
  3658 | D:4      | Reached skill level 6 in Shields
  4325 | D:5      | Entered Level 5 of the Dungeon
  4370 | D:5      | Reached XP level 8. HP: 55/60 MP: 8/8
  4848 | D:4      | Reached skill level 7 in Axes
  5165 | D:5      | Found a staircase to the Ecumenical Temple.
  5171 | Temple   | Entered the Ecumenical Temple
  6172 | D:6      | Found a shimmering altar of Xom.
  6176 | D:6      | Reached skill level 8 in Axes
  6573 | D:6      | Upgraded the game from 0.17-a0-2109-g117576f to 0.17-a0-2208-ge5ab1d3
  6591 | D:7      | Upgraded the game from 0.17-a0-2208-ge5ab1d3 to 0.17-a0-2231-gd80ca38
  6682 | D:7      | Reached XP level 9. HP: 61/65 MP: 9/9
  6760 | D:7      | Found a deep blue altar of Sif Muna.
  6761 | D:7      | Found an iron altar of Okawaru.
  6763 | D:7      | Found a shimmering altar of Xom.
  6763 | D:7      | Found a sacrificial altar of Ru.
  6763 | D:7      | Found a shadowy altar of Dithmenos.
  6763 | D:7      | Found a blossoming altar of Fedhas.
  6764 | D:7      | Found a snail-covered altar of Cheibriados.
  6765 | D:7      | Found a sparkling altar of Nemelex Xobeh.
  6766 | D:7      | Found a radiant altar of Vehumet.
  6767 | D:7      | Found a basalt altar of Yredelemnul.
  6774 | D:7      | Became a worshipper of Cheibriados the Contemplative
  6799 | D:7      | Found an ancient bone altar of Kikubaaqudgha.
  6849 | D:7      | Found a flagged portal.
  6863 | Bailey   | Entered a bailey
  7194 | Bailey   | Found a bloodstained altar of Trog.
  7202 | Bailey   | Reached * piety under Cheibriados
  7212 | Bailey   | Reached skill level 9 in Axes
  7521 | D:7      | Noticed a troll
  7544 | D:7      | HP: 2/65 [troll (10)]
  7547 | D:7      | You fall through a shaft for 2 floors!
  7949 | D:10     | Entered Level 10 of the Dungeon
  8177 | D:9      | Found a staircase to the Lair.
  8207 | D:9      | Found a bloodstained altar of Trog.
  8624 | D:7      | Reached ** piety under Cheibriados
  8629 | D:7      | Reached skill level 10 in Axes
  8856 | D:7      | Reached XP level 10. HP: 63/71 MP: 10/10
  9220 | D:8      | Killed a troll
  9496 | D:8      | Reached *** piety under Cheibriados
  9602 | D:8      | Reached skill level 11 in Axes
  9645 | D:8      | Reached skill level 10 in Shields
 10234 | D:9      | Found a staircase to the Orcish Mines.
 10291 | D:9      | Noticed Psyche
 10409 | Orc:1    | Entered Level 1 of the Orcish Mines
 10428 | Orc:1    | Reached **** piety under Cheibriados
 10439 | Orc:1    | Found Ijiomyd's Magic Scroll Shop.
 10689 | Orc:2    | Reached skill level 1 in Invocations
 10693 | Orc:2    | Reached skill level 1 in Dodging
 10702 | Orc:2    | Reached ***** piety under Cheibriados
 10821 | Orc:2    | Found a burning altar of Makhleb.
 11053 | Orc:1    | Found Boral's Gadget Shoppe.
 11220 | Orc:3    | Noticed an orc knight
 11220 | Orc:3    | Noticed an orc knight
 11220 | Orc:3    | Noticed an orc knight
 11275 | D:9      | Killed Psyche
 11275 | D:9      | Reached skill level 12 in Axes
 11275 | D:9      | Reached XP level 11. HP: 73/78 MP: 12/12
 11495 | Lair:1   | Entered Level 1 of the Lair of Beasts
 11563 | Lair:1   | Identified a scroll of acquirement
 11622 | Lair:1   | Reached ****** piety under Cheibriados
 11631 | Lair:1   | Reached skill level 5 in Fighting
 11631 | Lair:1   | Reached skill level 5 in Armour
 11849 | Lair:1   | Noticed Uberwunderbarhen's ghost (journeyman OpFi)
 11954 | Lair:1   | You fall through a shaft!
 12549 | Lair:2   | Noticed an eight-headed hydra
 12552 | Lair:2   | You fall through a shaft!
 12574 | Lair:3   | Noticed a queen ant
 12574 | Lair:3   | Reached XP level 12. HP: 88/88 MP: 15/15
 12584 | Lair:3   | Killed a queen ant
 12584 | Lair:3   | Reached skill level 13 in Axes
 12584 | Lair:3   | Reached skill level 5 in Invocations
 12894 | Lair:3   | Noticed a five-headed hydra
 12964 | Lair:3   | Noticed Harold
 12995 | Lair:3   | Killed Harold
 13234 | Lair:3   | Noticed a seven-headed hydra
 13241 | Lair:3   | Killed a seven-headed hydra
 13382 | Lair:3   | Reached skill level 5 in Dodging
 13394 | Lair:3   | Got a distressingly furry chain mail
 13405 | Lair:3   | Identified the +4 chain mail "Qimib" {rPois Str+4 Slay+2} (You found it on level 3 of the Lair of Beasts)
 13551 | Lair:3   | Killed a seven-headed hydra
 13551 | Lair:3   | Reached XP level 13. HP: 78/96 MP: 17/17
 14501 | Lair:5   | Reached skill level 14 in Axes
 14938 | Lair:5   | Found a staircase to the Swamp.
 15119 | Lair:6   | Found a staircase to the Snake Pit.
 15314 | Lair:6   | Reached XP level 14. HP: 106/106 MP: 19/19
 15945 | Lair:7   | Reached skill level 15 in Axes
 16036 | Lair:7   | HP: 3/108 [death yak (17)]
 16036 | Lair:7   | Mangled by a death yak

Vault maps used:
D:1:      lemuel_arrival_rhombus, serial_glass, glass_columns_b, glass_columns_a
D:2:      tso_oasis_becter, minivault_26, uniq_jessica
D:3:      old_standard_altar, uniq_terence
D:4:      serial_shops, shop
D:5:      minmay_temple_entry_enclosed_plants, first_bread
D:6:      tgw_xom
D:7:      minitemple, kiku_gazebo_garden_becter, enter_bailey_8
D:9:      lair_0_dummy, minmay_orc_entry_guard_dogs, basic_altar, uniq_psyche
D:10:     serial_shops, shop, uniq_urug
Temple:   nicolae_temple_hex_pool
Lair:2:   serial_bayou, serial_bayou_pond_d, serial_bayou_pond_b,
          serial_bayou_lake_a, serial_bayou_pond_a, lemuel_fruit_tree
Lair:3:   zaba_anthell, uniq_harold
Lair:4:   grunt_forest_stairs_clearing
Lair:5:   nicolae_swamp_entry_splash_gauntlet, infiniplex_staircase_pool_2,
          grunt_megastairs_3
Lair:6:   dummy_snake_entry, serial_bayou_pond_e, minivault_23,
          beast_lair_carwin_1
Lair:7:   lemuel_fruit_fields
Orc:1:    serial_shops, shop_scrolls, nicolae_shop_crystal
Orc:2:    bloody_makhleb
Orc:3:    nicolae_orc_pool_cavern, sword_in_stone, uniq_rupert
Bailey:   bailey_axe_3, bailey

Action                   |  1- 3 |  4- 6 |  7- 9 | 10-12 | 13-15 || total
-------------------------+-------+-------+-------+-------+-------++-------
Melee: War axe           |    84 |   197 |   326 |       |       ||   607
       Broad axe         |       |       |   114 |   269 |       ||   383
       Executioner's axe |       |       |       |   258 |   308 ||   566
Throw: Tomahawk          |       |       |    22 |     2 |     5 ||    29
       Throwing net      |       |       |       |     1 |       ||     1
Invok: Slouch            |       |       |       |     1 |     2 ||     3
       Step From Time    |       |       |       |       |     1 ||     1
 Abil: Dig               |     2 |     2 |    16 |     5 |       ||    25
       Shaft Self        |       |       |     1 |     2 |       ||     3
Evoke: Wand              |       |       |       |     7 |       ||     7
  Use: Potion            |       |       |     6 |       |       ||     6
       Scroll            |       |       |     9 |    23 |     3 ||    35
 Stab: Held in net/web   |       |       |       |     1 |       ||     1
  Eat: Chunk             |       |     9 |    24 |     2 |    14 ||    49
       Pizza             |       |       |     1 |       |       ||     1
       Fruit             |       |       |     1 |       |       ||     1
